 Dungeon Crawl Stone Soup version 0.25.0-9-g26727b6 (webtiles) character file.

Game seed: 1991582458905897457

224 r3xj the Cutter (level 6, -1/37 HPs)
             Began as a Kobold Berserker on June 20, 2020.
             Was a Priest of Trog.
             Slain by Grinder (10 damage)
             ... while paralysed by Grinder
             ... on level 4 of the Dungeon.
             The game lasted 00:06:41 (4221 turns).

r3xj the Cutter (Kobold Berserker)                  Turns: 4221, Time: 00:06:41

Health: -1/37      AC:  0    Str: 15    XL:     6   Next: 20%
Magic:  6/6        EV:  3    Int:  8    God:    Trog [***...]
Gold:   161        SH:  0    Dex: 16    Spells: 5/5 levels left

rFire    . . .     SeeInvis .   g - +0 dagger (drain)
rCold    . . .     Gourm    .   (shield restricted)
rNeg     . . .     Faith    .   p - +0 robe
rPois    .         Spirit   .   (no helmet)
rElec    .         Reflect  .   i - +1 cloak
rCorr    .         Harm     .   (no gloves)
MR       .....                  (no boots)
Stlth    +++.......             (no amulet)
HPRegen  0.12/turn              h - -4 ring of protection (curse)
MPRegen  0.10/turn              (no ring)

@: paralysed
A: small, carnivore
a: Berserk, Trog's Hand, Renounce Religion


You were on level 4 of the Dungeon.
You worshipped Trog.
Trog was most pleased with you.
You were completely stuffed.

You visited 1 branch of the dungeon, and saw 4 of its levels.

You collected 161 gold pieces.

Inventory:

Hand Weapons
 a - a +0 short sword
 g - a +0 dagger of draining (weapon)
 n - a +3 quarterstaff of chaos
Missiles
 b - 12 poisoned darts (quivered)
Armour
 i - a +1 cloak (worn)
 o - a +0 cloak
 p - a +0 robe (worn)
Jewellery
 h - a cursed -4 ring of protection (left hand)
Scrolls
 d - a scroll of identify
 e - a scroll of blinking
 k - a scroll of fog
Potions
 l - a potion of haste
 m - a potion of mutation {unknown}
Comestibles
 c - 4 rations


   Skills:
 - Level 3.2 Fighting
 + Level 5.9 Short Blades
 - Level 1.5 Armour
 + Level 4.5 Dodging
 + Level 4.4 Stealth


You had 5 spell levels left.
You didn't know any spells.
Your spell library was empty.

Dungeon Overview and Level Annotations

Branches:
Dungeon (4/15)
 Temple: D:4-7

Altars:
Sif Muna

Annotations:
D:4 Grinder


Innate Abilities, Weirdness & Mutations

You are small and have problems with some larger weapons.
You are carnivorous and can eat meat at any time.


Message History

You are too injured to fight recklessly!
You are too injured to fight recklessly!
You are too injured to fight recklessly!
You are too injured to fight recklessly!
You are too injured to fight recklessly!
You are too injured to fight recklessly!
You are too injured to fight recklessly!
You are too injured to fight recklessly!
You are too injured to fight recklessly!
You barely miss Grinder.
Grinder is moderately wounded.
Grinder barely misses you.
You closely miss Grinder.
Grinder is moderately wounded.
You hit Grinder but do no damage.
Grinder is moderately wounded.
Grinder gestures at you.
You suddenly lose the ability to move!
Grinder hits you!
You die...

#....... #.......
########## #.......
#........# #.......
#........# #.......
#........########.##
.####.ยง..........####.#
......####$...........##
......5@................
......####.......####..#
..... #.......# #..#
.... +.......# #..# ###
#.......# #... ###..####
#... ##.# ... ..


You could see Grinder.

Vanquished Creatures
  Crazy Yiuf (D:2)
  Natasha (thrice) (D:2)
  Robin (D:2)
  3 adders
  2 worms
  4 dart slugs (D:1)
  2 leopard geckos (D:3)
  2 ball pythons
  4 bats
  6 giant cockroaches
  12 goblins
  6 hobgoblins
  2 jackals (D:3)
  A quokka (D:3)
  6 frilled lizards
  11 kobolds
  9 rats
75 creatures vanquished.

Notes
Turn   | Place    | Note
-------+----------+-------------------------------------------
     0 | D:1      | r3xj the Kobold Berserker began the quest for the Orb.
     0 | D:1      | Reached XP level 1. HP: 14/14 MP: 1/1
   140 | D:1      | Reached skill level 1 in Stealth
   140 | D:1      | Reached XP level 2. HP: 19/19 MP: 2/2
   332 | D:1      | Reached XP level 3. HP: 3/23 MP: 3/3
  1086 | D:1      | Reached ** piety under Trog
  1375 | D:2      | Found a shimmering blue altar of Sif Muna.
  1422 | D:2      | Reached XP level 4. HP: 18/28 MP: 4/4
  1629 | D:2      | Found a runed translucent door.
  1630 | D:2      | Noticed Crazy Yiuf
  1679 | D:2      | Noticed Natasha
  2140 | D:2      | Killed Natasha
  2140 | D:2      | Reached skill level 5 in Short Blades
  2218 | D:2      | Noticed Robin
  2242 | D:2      | Reached XP level 5. HP: 20/32 MP: 5/5
  2252 | D:2      | Killed Robin
  2537 | D:2      | Noticed Natasha
  2547 | D:2      | Killed Natasha
  2710 | D:2      | Found a shimmering blue altar of Sif Muna.
  2791 | D:2      | Noticed Natasha
  2802 | D:2      | Killed Natasha
  3012 | D:2      | Killed Crazy Yiuf
  3313 | D:3      | Reached XP level 6. HP: 37/37 MP: 6/6
  3371 | D:3      | Reached *** piety under Trog
  4198 | D:4      | Noticed Grinder
  4220 | D:4      | Paralysed by Grinder for 3 turns
  4221 | D:4      | Slain by Grinder

Illustrated notes

Levels and vault maps discovered:
D:1:      dpeg_arrival_round_b, layout_basic
D:2:      layout_rooms, lemuel_blue_sif_altar, uniq_crazy_yiuf_cottage,
          uniq_robin, uniq_natasha
D:3:      layout_loops_ring
D:4:      layout_basic, portal_sewer_entry_f, first_ration, uniq_grinder,
          uniq_blork_the_orc, uniq_menkaure

Skill      XL: |  1  2  3  4  5 |
---------------+----------------+-----
Stealth        | 1 2 3 4 |  4.4
Dodging        | 3 4 |  4.5
Short Blades   | 5 |  5.9
Fighting       | |  3.2
Armour         | |  1.5

Action                   |  1- 3 |  4- 6 || total
-------------------------+-------+-------++-------
Melee: Short sword       |    84 |       ||    84
       Dagger            |    13 |   162 ||   175
  Use: Scroll            |       |     7 ||     7
 Stab: Sleeping          |     2 |    10 ||    12
  Eat: Chunk             |    10 |     9 ||    19
Armor: Animal skin       |     8 |     8 ||    16
Dodge: Dodged            |    79 |   107 ||   186
